 Dungeon Crawl Stone Soup version 0.20-a0-493-g19c8d8d (webtiles) character file.

3486 nono the Covert (level 10, 0/61 HPs)
             Began as a Halfling Fighter on Jan 17, 2017.
             Was a Follower of Dithmenos.
             Hit by a large rock thrown by a cyclops (29 damage)
             ... on level 7 of the Dungeon.
             The game lasted 00:22:47 (6573 turns).

nono the Covert (Halfling Fighter)                  Turns: 6573, Time: 00:22:48

Health: 0/61       AC: 13    Str: 21 (22) XL:     10   Next: 27%
Magic:  10/10      EV: 10    Int:  5 (6)  God:    Dithmenos [*.....]
Gold:   456        SH: 13    Dex: 15      Spells: 9/9 levels left

rFire    + . .     SeeInvis .   a - +0 long sword
rCold    . . .     Gourm    .   H - +0 scale mail
rNeg     . . .     Faith    .   c - +0 shield
rPois    .         Spirit   .   (no helmet)
rElec    .         Reflect  .   s - +0 cloak
rCorr    .         Harm     .   q - +0 pair of gloves
MR       .....                  e - +0 pair of boots
Stlth    ++++......             (no amulet)
Regen    0.2/turn               w - ring of protection from fire
                                B - +2 ring of strength (curse)

@: wreathed by umbra
A: mutation resistance 1
a: Renounce Religion


You were on level 7 of the Dungeon.
You worshipped Dithmenos.
Dithmenos was aware of your devotion.
You were not hungry.

You visited 2 branches of the dungeon, and saw 8 of its levels.
You also visited: Sewer and Ossuary.

You collected 456 gold pieces.

Inventory:

Hand Weapons
 a - a +0 long sword (weapon)
 b - a +0 dagger
 t - a +0 hunting sling
 K - the +9 hunting sling of Ymiu {freeze, rN+ MP+9 Str-2 Dex+3}
   (You found it on level 5 of the Dungeon)

   It causes projectiles fired from it to freeze those they strike, causing
   extra injury to most foes and up to half again as much damage against
   particularly susceptible opponents.
   They can also slow down cold-blooded creatures.
   It affects your strength (-2).
   It affects your dexterity (+3).
   It protects you from negative energy.
   It affects your magic capacity (+9).
Missiles
 L - 60 stones (quivered)
Armour
 c - a +0 shield (worn)
 e - a +0 pair of boots (worn)
 q - a +0 pair of gloves (worn)
 s - a +0 cloak (worn)
 H - a +0 scale mail (worn)
Jewellery
 w - a ring of protection from fire (right hand)
 B - a cursed +2 ring of strength (left hand)
Scrolls
 h - 6 scrolls of remove curse {unknown}
 j - 2 scrolls of amnesia {unknown}
 k - 2 scrolls of identify
 m - 3 scrolls of enchant weapon
 p - a scroll of teleportation {unknown}
 r - 4 scrolls of recharging {unknown}
 u - a scroll of enchant armour {unknown}
 v - a scroll of fear {unknown}
 y - 2 scrolls of random uselessness {unknown}
 A - 2 scrolls of fog {unknown}
 D - a scroll of magic mapping {unknown}
 F - a scroll of immolation {unknown}
Potions
 d - 4 potions of might
 i - 2 potions of resistance
 l - a potion of ambrosia
 n - a potion of lignification
 o - 5 potions of curing
 x - a potion of brilliance {unknown}
 z - 2 potions of agility {unknown}
 C - 2 potions of flight
 E - 2 potions of haste {unknown}
 I - 3 potions of heal wounds
Comestibles
 f - 8 bread rations
 g - 4 meat rations


   Skills:
 - Level 2.6 Fighting
 + Level 9.0 Long Blades
 + Level 10.2 Armour
 - Level 11.1 Stealth
 + Level 10.2 Shields


You had 9 spell levels left.
You didn't know any spells.

Dungeon Overview and Level Annotations

Branches:
Dungeon (7/15)             Temple (1/1) D:6

Altars:
Ashenzari
Cheibriados
Dithmenos
Elyvilon
Fedhas
Gozag
Hepliaklqana
Kikubaaqudgha
Makhleb
Nemelex Xobeh
Okawaru
Qazlal
Ru
Sif Muna
Trog
Uskayaw
Vehumet
Xom
Yredelemnul
Zin
The Shining One

Shops:
D:4 (


Innate Abilities, Weirdness & Mutations

You are small and have problems with some larger weapons.
You are somewhat resistant to further mutation.


Message History

Things that are here:
a hand axe; a ring mail You completely miss the cyclops.
The cyclops hits you.
You slash the cyclops!
The cyclops is lightly wounded.
You hit the cyclops but do no damage.
The cyclops is lightly wounded.
You block the cyclops's attack.
You hit the cyclops.
The cyclops is moderately wounded.
You block the cyclops's attack.
You slash the cyclops!
The cyclops is heavily wounded.
The cyclops hits you!
An orc wizard comes into view. It is wielding a dagger.
The orc wizard shouts!
Things that are here:
a whip; a kobold corpse The cyclops throws a large rock.
The large rock hits you!!
You die... # #oo

#. #.# #.
#..##o#### #.#
#....)C..# #.#
#....[##.# #.#
########C#### #.#
#.......#
###.#######.##.##.#
#.....<..@..##.##.#
##
#....†.......##.#
...
#>######..#####.#
#.# #.###.####
#..#####.# #.#
#........#
#(.......# #.#
#....#...#
#.######## #.#
##.#.....# #.# #.#
#.##....# #.# #.#
#.##.#[.# #.#


You could see a cyclops.

Vanquished Creatures
  Prince Ribbit (D:7)
  Menkaure (D:6)
  An orc warrior (D:6)
  2 centaurs (D:6)
  A phantom (D:6)
  2 big kobolds
  4 bullfrogs
  2 scorpions (D:6)
  3 killer bees (D:5)
  3 howler monkeys
  4 centaur zombies
  3 crimson imps
  A quasit (D:7)
  2 hounds (D:6)
  A human zombie (Ossuary)
  3 orc priests
  A bullfrog skeleton (D:5)
  A gnoll shaman (D:5)
  An iguana (D:6)
  4 orc wizards
  Natasha (twice) (D:3)
  3 worker ants
  A killer bee zombie (D:5)
  2 ogre zombies (Ossuary)
  A hound skeleton (D:4)
  8 mummies
  4 gnolls (D:5)
  6 adders
  2 river rats (Sewer)
  2 shadow imps
  An ooze (D:1)
  6 adder zombies (Ossuary)
  A worm (D:2)
  3 dart slugs
  3 leopard geckos
  8 orcs
  3 ball pythons
  8 bats
  8 giant cockroaches
  A gnoll zombie (Ossuary)
  6 goblins
  6 hobgoblins
  7 jackals
  11 kobolds
  A quokka (D:1)
  6 frilled lizards
  A giant cockroach zombie (D:6)
  A goblin zombie (Ossuary)
  4 hobgoblin zombies (Ossuary)
  A jackal skeleton (D:4)
  3 kobold zombies (Ossuary)
  4 quokka zombies (Ossuary)
  17 rats
  5 rat zombies (Ossuary)
187 creatures vanquished.

Notes
Turn   | Place    | Note
-------+----------+-------------------------------------------
     0 | D:1      | nono the Halfling Fighter began the quest for the Orb.
     0 | D:1      | Reached XP level 1. HP: 15/15 MP: 1/1
    74 | D:1      | Reached XP level 2. HP: 20/20 MP: 2/2
   234 | D:1      | Reached XP level 3. HP: 25/25 MP: 3/3
   806 | D:2      | Reached XP level 4. HP: 30/30 MP: 4/4
  1078 | D:2      | Found a faded altar of an unknown god.
  1408 | D:3      | Noticed Natasha
  1412 | D:3      | Killed Natasha
  1412 | D:3      | Reached XP level 5. HP: 28/35 MP: 5/5
  1529 | D:3      | Noticed Natasha
  1541 | D:3      | Killed Natasha
  1975 | D:3      | Found a blossoming altar of Fedhas.
  2157 | D:4      | Found Zeq Navodomo's Weapon Shoppe.
  2259 | D:4      | Reached XP level 6. HP: 31/41 MP: 6/6
  2311 | D:4      | Found a sand-covered staircase.
  2331 | D:4      | Reached XP level 7. HP: 10/45 MP: 7/7
  2412 | Ossuary  | Entered an ossuary
  3188 | Ossuary  | Reached XP level 8. HP: 32/51 MP: 8/8
  3193 | Ossuary  | Reached skill level 11 in Stealth
  3193 | Ossuary  | Reached XP level 9. HP: 35/55 MP: 9/9
  3713 | D:5      | Entered Level 5 of the Dungeon
  3761 | D:5      | Got an encrusted hunting sling
  3762 | D:5      | Identified the +9 hunting sling of Ymiu {freeze, rN+ MP+9 Str-2 Dex+3} (You found it on level 5 of the Dungeon)
  3900 | D:5      | Found a glowing drain.
  3910 | Sewer    | Entered a sewer
  4032 | Sewer    | Found a glowing silver altar of Zin.
  5033 | D:6      | Found a staircase to the Ecumenical Temple.
  5042 | Temple   | Entered the Ecumenical Temple
  5084 | Temple   | Became a worshipper of Dithmenos the Shadowed
  5269 | D:6      | Noticed Menkaure
  5292 | D:6      | Killed Menkaure
  5310 | D:6      | Reached skill level 10 in Armour
  5589 | D:6      | Found a shadowy altar of Dithmenos.
  5599 | D:6      | Reached XP level 10. HP: 61/61 MP: 10/10
  5863 | D:6      | Reached skill level 10 in Shields
  5873 | D:6      | Reached * piety under Dithmenos
  6223 | D:7      | Noticed Prince Ribbit
  6266 | D:7      | Killed Prince Ribbit
  6559 | D:7      | Noticed a cyclops
  6573 | D:7      | Hit by a large rock thrown by a cyclops

Vault maps used:
D:1:      minmay_arrival_glassed_features
D:2:      chequers_ecumenical_altar_twisty, minmay_tripent
D:3:      first_bread, fedhas_altar_4, uniq_natasha
D:4:      serial_shops, shop_statue, gup_ossuary_entry_pyramid, kennysheep_donut
D:5:      portal_sewer_entry_e, minmay_misc_feat_pillars
D:6:      basic_altar, uniq_menkaure
D:7:      uniq_prince_ribbit1
Temple:   kilobyte_greek_temple
Sewer:    sewer_kobolds
Ossuary:  ossuary_boxes_badplayer

Skill      XL: |  1  2  3  4  5  6  7  8  9 10 |
---------------+-------------------------------+-----
Armour         | 4 9 10 | 10.2
Shields        | 4 9 10 | 10.2
Long Blades    | 3 8 9 |  9.0
Stealth        | 11 | 11.1
Fighting       | |  2.6

Action                   |  1- 3 |  4- 6 |  7- 9 | 10-12 || total
-------------------------+-------+-------+-------+-------++-------
Melee: Long sword        |   105 |   181 |   437 |   103 ||   826
       Dagger            |       |       |    32 |     8 ||    40
  Use: Potion            |       |     1 |     7 |     1 ||     9
       Scroll            |       |       |     7 |       ||     7
 Stab: Sleeping          |       |       |     8 |     5 ||    13
  Eat: Chunk             |       |     4 |     5 |     3 ||    12
       Beef jerky        |       |       |     1 |       ||     1
       Bread ration      |       |       |     1 |       ||     1
       Royal jelly       |       |       |     1 |       ||     1
Armor: Scale mail        |    46 |    81 |    96 |    27 ||   250
Dodge: Dodged            |    31 |    72 |   114 |    44 ||   261
Block: Shield            |    55 |   114 |   252 |    62 ||   483
       Rpst.: Long sword |    14 |    29 |    26 |    10 ||    79
